AoeStats
← Because I Got High

Arabia

510301230Analyzed
1v1 RM · 11h ago on Sep 30, 2026· 46m 11s· 2 players
Game mode
Random Map
Map size
Tiny (2 player)
Population
200
Speed
Normal
Resources
Standard
Victory
Conquest
Starting age
Dark Age
Ending age
Imperial Age
RankedLock teamsTeams togetherTeam positionsShared explorationLock speedFull tech treeHidden civsTurbo modeCheats
Victory
Defeat
🇦🇷 Varangians · Argentina
1228
+16
🇨🇿 Danes · Czechia
1238
-16
Because I Got High
6:39 Loom
9:07 Feudal Age
9:37 Double-Bit Axe
12:43 Town Watch
14:09 Fletching
21:42 Castle Age
21:07 Scale Mail Armor
21:18 Forging
20:49 Horse Collar
21:00 Gold Mining
22:12 Wheelbarrow
22:57 Squires
23:20 Chain Mail Armor
31:10 Iron Casting
31:29 Scale Barding Armor
37:08 Imperial Age
35:29 Chain Barding Armor
36:44 Husbandry
36:57 Bloodlines
38:16 Conscription
40:22 Plate Barding Armor
40:06 Hand Cart
39:27 Elite Jarl
44:28 Town Patrol
46:08 Chemistry
golemnewton
5:48 Loom
8:30 Feudal Age
8:39 Man-at-Arms
9:29 Double-Bit Axe
17:12 Fletching
22:05 Castle Age
21:10 Scale Mail Armor
21:21 Forging
21:22 Horse Collar
23:08 Chain Mail Armor
23:11 Gambesons
28:01 Stone Mining
29:22 Squires
30:21 Wheelbarrow
32:04 Gold Mining
32:30 Bow Saw
34:12 Iron Casting
34:36 Hand Cart
35:21 Town Watch
39:37 Imperial Age
37:35 Bodkin Arrow
38:08 Heavy Plow
38:52 Padded Archer Armor
38:35 Hamask
39:05 Arson
40:02 Cranequins
41:13 Bracer
41:58 Leather Archer Armor
43:08 Ballistics
43:21 Ring Archer Armor
42:43 Heavy Mounted Crossbowman
45:57 Murder Holes
46:14 Masonry
47:14 Chemistry
Connection lost

Rejoining the realm…

Still unreachable

The connection could not be restored.

Session expired

The server has moved on; the page needs a fresh start.